 Dungeon Crawl Stone Soup version 0.29.0-4-gdea44cf6ec (webtiles) character file.

Game seed: 13144925653074596385

4 qw the Chopper (level 1, 0/12 HPs)
             Began as a Tengu Warper on Aug 28, 2022.
             Slain by a quokka (4 damage)
             ... on level 1 of the Dungeon.
             The game lasted 00:00:00 (190 turns).

qw the Chopper (Tengu Warper)                        Turns: 190, Time: 00:00:01

Health: 0/12       AC:  3    Str: 11    XL:     1   Next: 60%
Magic:  4/4        EV: 11    Int: 13    God:
Gold:   3          SH:  0    Dex: 13    Spells: 4/4 levels left

rFire   . . .      SeeInvis .   a - +0 hand axe
rCold   . . .      Faith    .   (no shield)
rNeg    . . .      Spirit   .   b - +0 leather armour
rPois   .          Reflect  .   (helmet restricted)
rElec   .          Harm     .   (no cloak)
rCorr   .          Rampage  .   (no gloves)
Will    .....                   (boots unavailable)
Stlth   +.........              (no amulet)
HPRegen 0.04/turn               (no ring)
MPRegen 0.09/turn               (no ring)

@: no status effects
A: beak, talons 3
a: no special abilities


You were on level 1 of the Dungeon.
You visited 1 branch of the dungeon, and saw 1 of its levels.

You collected 3 gold pieces.


Innate Abilities, Weirdness & Mutations

You have a beak for a mouth.
You have claws for feet.


   Skills:
 - Level 2.0 Fighting
 + Level 2.6 Axes
 - Level 1.0 Throwing
 - Level 1.1 Armour
 - Level 2.1 Dodging
 - Level 2.0 Spellcasting
 - Level 2.4 Translocations


You had 4 spell levels left.
You didn't know any spells.
Your spell library contained the following spells:

 Spells                   Type           Power      Damage    Failure   Level
 Blink                    Tloc           14%        N/A       19%         2
 Gell's Gravitas          Tloc           7%         N/A       36%         3
 Lesser Beckoning         Tloc           7%         N/A       36%         3
 Teleport Other           Tloc           7%         N/A       36%         3
 Manifold Assault         Tloc           7%         N/A       98%         5

Inventory:

Hand Weapons
 a - a +0 hand axe (weapon)
Missiles
 d - a boomerang of dispersal (quivered)
Armour
 b - a +0 leather armour (worn)
Scrolls
 c - a scroll of blinking
 e - a scroll of poison {unknown}

Dungeon Overview and Level Annotations

Branches:
Dungeon (1/15)

Altars:


Message History

The goblin barely misses you.
You barely miss the goblin. Your kick misses the goblin. You peck the goblin.
The goblin is heavily wounded.
The goblin barely misses you. x2
You hit the goblin but do no damage.
The goblin is heavily wounded.
You hit the quokka but do no damage. The quokka closely misses you.
The goblin barely misses you.
You miss the goblin.
The goblin is heavily wounded.
You hit the quokka but do no damage. The quokka barely misses you.
The goblin hits you with a +0 dagger. The quokka misses you.
You closely miss the goblin.
The goblin is heavily wounded.
You completely miss the quokka. The goblin misses you.
The quokka bites you but does no damage.
You closely miss the goblin. Your kick misses the goblin.
The goblin is heavily wounded.
You hit the quokka. The quokka bites you.
The goblin hits you but does no damage.
You barely miss the quokka.
The quokka is severely wounded.
You closely miss the goblin.
The quokka bites you but does no damage.
The goblin barely misses you.
The quokka bites you but does no damage.
The goblin hits you with a +0 dagger.
You hit the goblin.
The goblin is severely wounded.
You closely miss the quokka.
The quokka bites you but does no damage.
The goblin hits you with a +0 dagger.
You barely miss the goblin. Your kick misses the goblin.
The goblin is severely wounded.
You barely miss the quokka. The quokka barely misses you.
The goblin barely misses you. The quokka bites you.
You die...

#.gr ....r
..... .... #..
#.#####
#########.g@..#
#.........r...#
#.#........####
#.#........#
#.#........#
#.....%....#
#.....####.#
#####
#..........#
.....##
#.....######
.......


You could see a quokka and a goblin.

Vanquished Creatures
  A giant cockroach (D:1)
  A hobgoblin (D:1)
  A quokka (D:1)
3 creatures vanquished.

Notes
Turn   | Place    | Note
-------+----------+-------------------------------------------
     0 | D:1      | qw the Tengu Warper began the quest for the Orb.
     0 | D:1      | Reached XP level 1. HP: 12/12 MP: 4/4
     0 | D:1      | 0 ||| qw: Version: 0.1-a-89-g26bdef1
     0 | D:1      | 0 ||| qw: Game counter: 3178
     0 | D:1      | 0 ||| qw: Always use a shield: true
     0 | D:1      | 0 ||| qw: God list: Okawaru
     0 | D:1      | 0 ||| qw: Allow faded altars: false
     0 | D:1      | 0 ||| qw: Do Orc after D:15 true
     0 | D:1      | 0 ||| qw: Do second Lair branch before Depths: true
     0 | D:1      | 0 ||| qw: Lair rune preference: random
     0 | D:1      | 0 ||| qw: Plans: Normal
     0 | D:1      | 0 ||| PLANNING D:1-11
   146 | D:1      | 146 ||| Stepping ~*~*~tactically~*~*~ (stealth).
   147 | D:1      | 147 ||| Stepping ~*~*~tactically~*~*~ (stealth).
   148 | D:1      | 148 ||| Stepping ~*~*~tactically~*~*~ (stealth).
   153 | D:1      | 153 ||| Stepping ~*~*~tactically~*~*~ (stealth).
   177 | D:1      | 177 ||| Stepping ~*~*~tactically~*~*~ (stealth).
   179 | D:1      | 179 ||| Stepping ~*~*~tactically~*~*~ (stealth).
   190 | D:1      | Slain by a quokka

Levels and vault maps discovered:
D:1:      dpeg_arrival_circle_labyrinth_b, layout_basic,
          shapermc_ecumenical_altar_petra, grunt_decor_one_mirror

Action                   || total
-------------------------++-------
Melee: Hand axe          ||    14
       Kick              ||     2
       Peck              ||     2
Throw: Boomerang         ||     6
Armor: Leather armour    ||     5
Dodge: Dodged            ||    15

Table legend:
 A = Non-vault XP
 B = Vault XP
 C = Vault XP percentage of total XP
 D = Non-vault monster count
 E = Vault monster count
 F = Vault count percentage of total count
                 A         B        C        D         E       F
            +---------+---------+-------+---------+---------+-------
      Total |       6 |       0 |   0.0 |       3 |       0 |   0.0
            +---------+---------+-------+---------+---------+-------
        D:1 |       6 |       0 |   0.0 |       3 |       0 |   0.0
            +---------+---------+-------+---------+---------+-------
